3AA
OTTAWA NATIONALS @ GLENDALE HERONS
07/25/2029
 
TOP OF THE 1ST
Ottawa Nationals batting - Pitching for Glendale Herons : RHP Kagetoki Matsubara
Pitching: RHP Kagetoki Matsubara
Batting: LHB Ken Stroud 0-0: Called Strike
0-1: DOUBLE (Line Drive, 9)
Batting: RHB Tomás Bermúdez 0-0: Called Strike
0-1: Ball
1-1: Fly out, F9 (Flyball, 9S)
Batting: RHB Ron Bernard 0-0: Ball
1-0: Called Strike
1-1: Ball
2-1: DOUBLE (Line Drive, 89D)
Ken Stroud scores
Batting: LHB José Gómez 0-0: Ball
1-0: Swinging Strike
1-1: Called Strike
1-2: Foul Ball, location: 2F
1-2: Foul Ball, location: 2F
1-2: Ball
2-2: Fly out, F4 (Popup, 4M)
Batting: RHB Mike Jennings 0-0: Ball
1-0: DOUBLE (Line Drive, 8RXD)
Ron Bernard scores
Batting: RHB Juan Román 0-0: Ball
1-0: Called Strike
1-1: Ball
2-1: Foul Ball, location: 2F
2-2: Foul Ball, location: 2F
2-2: Foul Ball, location: 2F
2-2: Ball
3-2: Strikes out swinging
Top of the 1st over - 2 runs, 3 hits, 0 errors, 1 left on base; Ottawa 2 - Glendale 0
BOTTOM OF THE 1ST
Glendale Herons batting - Pitching for Ottawa Nationals : RHP Bob Reece
Pitching: RHP Bob Reece
Batting: LHB Su-wu Xiao 0-0: Called Strike
0-1: Ball
1-1: Ball
2-1: Ball
3-1: Base on Balls
Batting: SHB Yun-qi Chien 0-0: Ball
1-0: SINGLE (Line Drive, 34D)
Su-wu Xiao to second
Runner from 2nd tries for 3rd, SAFE, no throw
Batting: RHB Ellis Greenham 0-0: Called Strike
0-1: Called Strike
0-2: Ball
1-2: Ball
2-2: Strikes out swinging
Batting: LHB Jin-song Seah 0-0: Ball
Yun-qi Chien steals 2nd base
1-0: SINGLE (Groundball, 3D)
Su-wu Xiao scores
Yun-qi Chien to third
Runner from 3rd tries for Home, SAFE, no throw
Batting: RHB Francisco Guerra 0-0: Called Strike
0-1: Ball
1-1: Called Strike
1-2: Ball
2-2: Strikes out swinging
Batting: LHB Xu Cheng 0-0: Ball
1-0: Ball
2-0: Ball
3-0: Base on Balls
Jin-song Seah to second
Batting: RHB Michael Sweeney 0-0: Called Strike
0-1: Called Strike
0-2: Strikes out swinging
Bottom of the 1st over - 2 runs, 2 hits, 0 errors, 2 left on base; Ottawa 2 - Glendale 2
TOP OF THE 2ND
Ottawa Nationals batting - Pitching for Glendale Herons : RHP Kagetoki Matsubara
Batting: LHB Jesús Mancía 0-0: Bunt missed!
0-1: Ball
1-1: Called Strike
1-2: Strikes out swinging
Batting: SHB Tristan Shanks 0-0: Called Strike
0-1: Ball
1-1: Foul Ball, location: 2F
1-2: Strikes out looking
Batting: RHB Miguel González 0-0: Called Strike
0-1: Swinging Strike
0-2: Strikes out swinging
Top of the 2nd over - 0 runs, 0 hits, 0 errors, 0 left on base; Ottawa 2 - Glendale 2
BOTTOM OF THE 2ND
Glendale Herons batting - Pitching for Ottawa Nationals : RHP Bob Reece
Batting: RHB Hatui Haunani 0-0: Ball
1-0: Foul Ball, location: 2F
1-1: Swinging Strike
1-2: Ball
2-2: Foul Ball, location: 2F
2-2: Ball
3-2: Base on Balls
Batting: RHB Luis Trevino 0-0: Called Strike
0-1: SINGLE (Line Drive, 7S)
Hatui Haunani to second
Batting: LHB Su-wu Xiao 0-0: Ball
1-0: Fly out, F5 (Popup, 25)
Batting: SHB Yun-qi Chien 0-0: Ball
1-0: Ball
2-0: Ball
3-0: Called Strike
3-1: Fly out, F7 (Flyball, 78M)
Batting: RHB Ellis Greenham 0-0: Ball
1-0: Foul Ball, location: 2F
1-1: Ground out 1-3 (Groundball, 13)
Bottom of the 2nd over - 0 runs, 1 hit, 0 errors, 2 left on base; Ottawa 2 - Glendale 2
TOP OF THE 3RD
Ottawa Nationals batting - Pitching for Glendale Herons : RHP Kagetoki Matsubara
Batting: LHB Ken Stroud 0-0: Called Strike
0-1: Ball
1-1: Ball
2-1: Swinging Strike
2-2: Ball
3-2: Strikes out looking
Batting: RHB Tomás Bermúdez 0-0: Ball
1-0: Called Strike
1-1: Swinging Strike
1-2: Strikes out swinging
Batting: RHB Ron Bernard 0-0: Ball
1-0: Fly out, F5 (Popup, 56)
Top of the 3rd over - 0 runs, 0 hits, 0 errors, 0 left on base; Ottawa 2 - Glendale 2
BOTTOM OF THE 3RD
Glendale Herons batting - Pitching for Ottawa Nationals : RHP Bob Reece
Batting: LHB Jin-song Seah 0-0: Ball
1-0: Ball
2-0: Called Strike
2-1: Fly out, F8 (Flyball, 78D)
Batting: RHB Francisco Guerra 0-0: Ground out 3-1 (Groundball, 34)
Batting: LHB Xu Cheng 0-0: Called Strike
0-1: Ball
1-1: Ball
2-1: Fly out, F8 (Flyball, 8RD)
Bottom of the 3rd over - 0 runs, 0 hits, 0 errors, 0 left on base; Ottawa 2 - Glendale 2
TOP OF THE 4TH
Ottawa Nationals batting - Pitching for Glendale Herons : RHP Kagetoki Matsubara
Batting: LHB José Gómez 0-0: Ground out 4-3 (Groundball, 4)
Batting: RHB Mike Jennings 0-0: Ball
1-0: Swinging Strike
1-1: SINGLE (Groundball, 4MD)
Batting: RHB Juan Román 0-0: Grounds into double play, 6-4-3 (Groundball, 6)
Top of the 4th over - 0 runs, 1 hit, 0 errors, 0 left on base; Ottawa 2 - Glendale 2
BOTTOM OF THE 4TH
Glendale Herons batting - Pitching for Ottawa Nationals : RHP Bob Reece
Pitching: RHP Héctor Aguilar
Batting: RHB Michael Sweeney 0-0: Swinging Strike
0-1: Ball
1-1: Ball
2-1: Ball
3-1: Base on Balls
Batting: RHB Hatui Haunani 0-0: Called Strike
0-1: Foul Ball, location: 2F
0-2: Ball
1-2: Ball
2-2: Strikes out swinging
Batting: RHB Luis Trevino 0-0: Foul Ball, location: 2F
0-1: Called Strike
0-2: Strikes out swinging
Batting: LHB Su-wu Xiao 0-0: Called Strike
0-1: Ball
1-1: Ball
2-1: Ball
3-1: Foul Ball, location: 2F
3-2: Ground out 4-3 (Groundball, 4)
Bottom of the 4th over - 0 runs, 0 hits, 0 errors, 1 left on base; Ottawa 2 - Glendale 2
TOP OF THE 5TH
Ottawa Nationals batting - Pitching for Glendale Herons : RHP Kagetoki Matsubara
Batting: LHB Jesús Mancía 0-0: Ball
1-0: Called Strike
1-1: Fly out, F7 (Flyball, 7)
Batting: SHB Tristan Shanks 0-0: Ball
1-0: Foul Ball, location: 2F
1-1: Ball
2-1: Foul Ball, location: 2F
2-2: Foul Ball, location: 2F
2-2: Foul Ball, location: 2F
2-2: Strikes out swinging
Batting: RHB Miguel González 0-0: Called Strike
0-1: Swinging Strike
0-2: Ball
1-2: Foul Ball, location: 2F
1-2: Strikes out looking
Top of the 5th over - 0 runs, 0 hits, 0 errors, 0 left on base; Ottawa 2 - Glendale 2
BOTTOM OF THE 5TH
Glendale Herons batting - Pitching for Ottawa Nationals : RHP Héctor Aguilar
Batting: SHB Yun-qi Chien 0-0: Ball
1-0: Foul Ball, location: 2F
1-1: Foul Ball, location: 2F
1-2: Strikes out swinging
Batting: RHB Ellis Greenham 0-0: Ball
1-0: Swinging Strike
1-1: Swinging Strike
1-2: Ball
2-2: Strikes out looking
Batting: LHB Jin-song Seah 0-0: Called Strike
0-1: Fly out, F8 (Flyball, 8RD)
Bottom of the 5th over - 0 runs, 0 hits, 0 errors, 0 left on base; Ottawa 2 - Glendale 2
TOP OF THE 6TH
Ottawa Nationals batting - Pitching for Glendale Herons : RHP Kagetoki Matsubara
Batting: LHB Ken Stroud 0-0: Ball
1-0: Called Strike
1-1: Ball
2-1: Ball
3-1: Swinging Strike
3-2: Base on Balls
Batting: RHB Tomás Bermúdez 0-0: Sac Bunt - play at first, batter OUT! 1-4
Ken Stroud to second
Batting: RHB Ron Bernard 0-0: Foul Ball, location: 2F
0-1: Ground out 4-3 (Groundball, 4)
Ken Stroud to third
Batting: LHB José Gómez 0-0: Called Strike
0-1: Called Strike
0-2: Ball
1-2: Ground out 4-3 (Groundball, 4)
Top of the 6th over - 0 runs, 0 hits, 0 errors, 1 left on base; Ottawa 2 - Glendale 2
BOTTOM OF THE 6TH
Glendale Herons batting - Pitching for Ottawa Nationals : RHP Héctor Aguilar
Batting: RHB Francisco Guerra 0-0: Ball
1-0: Foul Ball, location: 2F
1-1: Ball
2-1: Foul Ball, location: 2F
2-2: SOLO HOME RUN (Flyball, 7D), Distance : 360 ft
Batting: LHB Xu Cheng 0-0: Ball
1-0: Fly out, F7 (Line Drive, 78M)
Batting: RHB Michael Sweeney 0-0: Foul Ball, location: 2F
0-1: Ball
1-1: Foul Ball, location: 2F
1-2: Ground out 4-3 (Groundball, 4)
Batting: RHB Hatui Haunani 0-0: Called Strike
0-1: Swinging Strike
0-2: Strikes out swinging, 2-3 out at first.
Bottom of the 6th over - 1 run, 1 hit, 0 errors, 0 left on base; Ottawa 2 - Glendale 3
TOP OF THE 7TH
Ottawa Nationals batting - Pitching for Glendale Herons : RHP Kagetoki Matsubara
Batting: RHB Mike Jennings 0-0: Ball
1-0: SOLO HOME RUN (Line Drive, 7D), Distance : 376 ft
Batting: RHB Juan Román 0-0: Foul Ball, location: 2F
0-1: Called Strike
0-2: Strikes out swinging
Batting: LHB Jesús Mancía 0-0: Called Strike
0-1: Called Strike
0-2: Ball
1-2: Ball
2-2: SINGLE (Flyball, 89S)
Pinch Hitting: RHB Duane Wills 0-0: Called Strike
Jesús Mancía steals 2nd base
0-1: Ball
1-1: Intentional Walk
Batting: RHB Miguel González 0-0: Grounds into double play, 6-4-3 (Groundball, 6)
Top of the 7th over - 1 run, 2 hits, 0 errors, 1 left on base; Ottawa 3 - Glendale 3
BOTTOM OF THE 7TH
Glendale Herons batting - Pitching for Ottawa Nationals : RHP Héctor Aguilar
Now at SS: Jorge Cortés
Pinch Hitting: LHB Jerry Wilson 0-0: Called Strike
0-1: Fly out, F9 (Flyball, 9)
Batting: LHB Su-wu Xiao 0-0: Called Strike
0-1: Ball
1-1: Fly out, F9 (Flyball, 9D)
Batting: SHB Yun-qi Chien 0-0: Swinging Strike
0-1: Called Strike
0-2: Ball
1-2: Ball
2-2: Strikes out looking
Bottom of the 7th over - 0 runs, 0 hits, 0 errors, 0 left on base; Ottawa 3 - Glendale 3
TOP OF THE 8TH
Ottawa Nationals batting - Pitching for Glendale Herons : RHP Kagetoki Matsubara
Now at 3B: Takechi Okubo
Batting: LHB Ken Stroud 0-0: Ball
1-0: Called Strike
1-1: Swinging Strike
1-2: SINGLE (Groundball, 4S) (infield hit)
Batting: RHB Tomás Bermúdez 0-0: Sac Bunt - play at first, batter OUT! 1-4
Ken Stroud to second
Batting: RHB Ron Bernard 0-0: Ball
1-0: Swinging Strike
1-1: Foul Ball, location: 2F
1-2: Ball
2-2: SINGLE (Groundball, 56) (infield hit)
Ken Stroud to third
Batting: LHB José Gómez 0-0: Called Strike
0-1: Fly out, F7 (Line Drive, 7LD)
Runner from 3rd tags up, SCORES, no throw
Batting: RHB Mike Jennings 0-0: Ball
1-0: Ball
2-0: Swinging Strike
2-1: Swinging Strike
2-2: Strikes out swinging
Top of the 8th over - 1 run, 2 hits, 0 errors, 1 left on base; Ottawa 4 - Glendale 3
BOTTOM OF THE 8TH
Glendale Herons batting - Pitching for Ottawa Nationals : RHP Héctor Aguilar
Batting: RHB Ellis Greenham 0-0: Fly out, F4 (Flyball, 34D)
Batting: LHB Jin-song Seah 0-0: Ball
1-0: Foul Ball, location: 2F
1-1: Ball
2-1: Ground out 4-3 (Groundball, 4)
Batting: RHB Francisco Guerra 0-0: Ball
1-0: Ball
2-0: Ball
3-0: Called Strike
3-1: Base on Balls
Pitching: LHP Rubén Ruíz
Pinch Hitting: RHB Brett Robinson 0-0: Foul Ball, location: 2F
0-1: Ball
1-1: Foul Ball, location: 2F
1-2: Foul Ball, location: 2F
1-2: Fielders Choice at 2nd, 6-4 (Groundball, 6)
Bottom of the 8th over - 0 runs, 0 hits, 0 errors, 1 left on base; Ottawa 4 - Glendale 3
TOP OF THE 9TH
Ottawa Nationals batting - Pitching for Glendale Herons : RHP Kagetoki Matsubara
Pitching: RHP Víctor Torres
Now in RF: Brett Robinson
Batting: RHB Juan Román 0-0: Ball
1-0: Foul Ball, location: 2F
1-1: Foul Ball, location: 2F
1-2: Fly out, F7 (Flyball, 78S)
Batting: LHB Jesús Mancía 0-0: Called Strike
0-1: SINGLE (Groundball, 6S) (infield hit)
Pinch Hitting: LHB Carlos Cirilli 0-0: Called Strike
0-1: Ball
1-1: Ball
2-1: Ball
3-1: Base on Balls
Jesús Mancía to second
Batting: RHB Miguel González 0-0: SINGLE (Groundball, 56S) (infield hit)
Jesús Mancía to third
Carlos Cirilli to second
Batting: LHB Ken Stroud 0-0: Fly out, F7 (Flyball, 7S)
Batting: RHB Tomás Bermúdez 0-0: Ground out 4-3 (Groundball, 4M)
Top of the 9th over - 0 runs, 2 hits, 0 errors, 3 left on base; Ottawa 4 - Glendale 3
BOTTOM OF THE 9TH
Glendale Herons batting - Pitching for Ottawa Nationals : LHP Rubén Ruíz
Now in RF: Carlos Cirilli
Batting: RHB Michael Sweeney 0-0: SINGLE (Groundball, 6M) (infield hit)
Batting: RHB Hatui Haunani 0-0: Bunt - Flyout! F3
Batting: RHB Takechi Okubo 0-0: Ball
1-0: Foul Ball, location: 2F
1-1: Ball
2-1: Ball
3-1: Base on Balls
Michael Sweeney to second
Pinch Hitting: RHB Álex Cordero 0-0: Ball
1-0: Ball
2-0: Fly out, F8 (Flyball, 8LS)
Batting: SHB Yun-qi Chien 0-0: Foul Ball, location: 2F
0-1: Ball
1-1: Hit by Pitch
Michael Sweeney to third
Takechi Okubo to second
Batting: RHB Ellis Greenham 0-0: Ball
1-0: Ball
2-0: Ball
3-0: Called Strike
3-1: Base on Balls
Michael Sweeney scores
Takechi Okubo to third
Yun-qi Chien to second
Batting: LHB Jin-song Seah 0-0: Ball
1-0: Ball
2-0: Swinging Strike
2-1: Ground out 4-3 (Groundball, 4)
Bottom of the 9th over - 1 run, 1 hit, 0 errors, 3 left on base; Ottawa 4 - Glendale 4
TOP OF THE 10TH
Ottawa Nationals batting - Pitching for Glendale Herons : RHP Víctor Torres
Now in LF: Álex Cordero
Batting: RHB Ron Bernard 0-0: Called Strike
0-1: Ball
1-1: Called Strike
1-2: Ball
2-2: Foul Ball, location: 2F
2-2: Ground out 6-3 (Groundball, 6)
Batting: LHB José Gómez 0-0: Ball
1-0: Ball
2-0: Foul Ball, location: 2F
2-1: Fly out, F4 (Line Drive, 4)
Batting: RHB Mike Jennings 0-0: Ball
1-0: Ball
2-0: Foul Ball, location: 2F
2-1: Foul Ball, location: 2F
2-2: SINGLE (Line Drive, 8LS)
Pinch Runner at 1st Eduardo Morales:
Batting: RHB Juan Román 0-0: Ball
1-0: Foul Ball, location: 2F
1-1: Called Strike
Eduardo Morales steals 2nd base
1-2: Strikes out swinging
Top of the 10th over - 0 runs, 1 hit, 0 errors, 1 left on base; Ottawa 4 - Glendale 4
BOTTOM OF THE 10TH
Glendale Herons batting - Pitching for Ottawa Nationals : LHP Rubén Ruíz
Now at 3B: Eduardo Morales
Batting: RHB Francisco Guerra 0-0: Ball
1-0: DOUBLE (Line Drive, 89M)
Batting: RHB Brett Robinson 0-0: Intentional Walk
Batting: RHB Michael Sweeney 0-0: SINGLE (Groundball, 56D)
Francisco Guerra to third
Brett Robinson to second
Runner from 3rd tries for Home, SAFE, no throw
Tuesday, December 19th, 2017 - OOTP Baseball 18.8 Build 76